 Dungeon Crawl Stone Soup version 0.31-a0-626-g8143ab4f1d (webtiles) character file.

Game seed: 12132610738240669748

74 RepHenryClay the Magician (level 4, -1/21 (24) HPs)
             Began as a Deep Elf Hedge Wizard on Aug 25, 2023.
             Succumbed to their own dark miasma
             ... on level 2 of the Dungeon.
             The game lasted 00:02:56 (2271 turns).

RepHenryClay the Magician (Deep Elf Hedge Wizard)   Turns: 2271, Time: 00:02:57

HP:   -1/21 (24)    AC:  2    Str:  7    XL:     4   Next: 9%
MP:   8/12          EV: 12    Int: 21    God:
Gold: 131           SH:  5    Dex: 14    Spells: 3/11 levels left

rFire   . . .        a - +1 dagger (elec)
rCold   . . .        (no shield)
rNeg    . . .        b - +0 robe
rPois   .            c - +0 hat
rElec   .            (no cloak)
rCorr   .            (no gloves)
SInv    .            (no boots)
Will    .....        n - amulet of reflection
Stlth   ++           m - ring of flight
HPRegen 0.23/turn    (no ring)
MPRegen 0.13/turn

%: reflection
@: lethally poisoned (-1 -> -17), attractive, flying, heavily drained
A: no striking features
a: no special abilities


You were on level 2 of the Dungeon.
You visited 1 branch of the dungeon, and saw 3 of its levels.

You collected 131 gold pieces.

Inventory:

Hand Weapons
 a - a +1 dagger of electrocution (weapon)
Armour
 b - a +0 robe (worn)
 c - a +0 hat (worn)
Magical Staves
 j - a staff of fire
Jewellery
 m - a ring of flight (left hand)
 n - an amulet of reflection (around neck)
Scrolls
 f - a scroll of immolation {unknown}
 k - a scroll of vulnerability {unknown}
 l - a scroll of fog {unknown}
 o - 3 scrolls of identify {unknown}
Potions
 d - 2 potions of magic
 e - a potion of attraction
 g - a potion of might {unknown}
 h - 2 potions of curing {unknown}
 i - a potion of mutation {unknown}


   Skills:
 - Level 2.4 Dodging
 - Level 2.4 Stealth
 - Level 4.4 Spellcasting
 + Level 4.4 Conjurations
 - Level 1.1 Summonings
 - Level 1.1 Translocations


You had 3 spell levels left.
You knew the following spells:

 Your Spells              Type           Power      Damage    Failure   Level
a - Magic Dart            Conj           92%        1d7       1%          1
b - Blink                 Tloc           18%        N/A       11%         2
c - Cigotuvi's Dreadful   Necr/Pois/Air  8%         N/A       17%         2
d - Mephitic Cloud        Conj/Pois/Air  10%        N/A       19%         3

Your spell library contained the following spells:

 Spells                   Type           Power      Damage    Failure   Level
 Call Imp                 Summ           18%        N/A       11%         2
 Slow                     Hex            16%        N/A       12%         1


Dungeon Overview and Level Annotations

Branches:
Dungeon (3/15)

Altars:

Annotations:
D:1 2 runed translucent doors


Message History

a - a +1 dagger of electrocution (weapon)
q - a +0 dagger You drop a +1 mace of protection.
You drop a +0 dagger.
There is a stone staircase leading down here.
You start resting.
Magic restored.
You fly downwards.
There is a stone staircase leading up here.
Casting: Magic Dart (safe; 1% risk of failure)
Confirm with . or Enter, or press ? or * to list all spells.
Aiming: Magic Dart (safe; 1% risk of failure)
Press: ? - help, Shift-Dir - straight line, f - orc priest
Aim: an orc priest, wielding a +0 dagger and wearing a +0 scale mail (100% to hit)
The magic dart hits the orc priest but does no damage.
Casting: Magic Dart (safe; 1% risk of failure)
Confirm with . or Enter, or press ? or * to list all spells.
Aiming: Magic Dart (safe; 1% risk of failure)
Press: ? - help, Shift-Dir - straight line, f/p - orc priest
Aim: an orc priest, wielding a +0 dagger and wearing a +0 scale mail (100% to hit)
The magic dart hits the orc priest.
The orc priest is moderately wounded.
Casting: Magic Dart (safe; 1% risk of failure)
Confirm with . or Enter, or press ? or * to list all spells.
Okay, then.
Casting: Mephitic Cloud (extremely dangerous; 19% risk of failure)
Confirm with . or Enter, or press ? or * to list all spells.
A part of your flesh rots into a cloud of miasma!
You feel drained.
Damage: -15%(-3hp) hp: 100%(21hp)
You are engulfed in dark miasma.
You are lethally poisoned!
You feel extremely sick.
You fly upwards.
* * * LOW HITPOINT WARNING * * *
You feel extremely sick.
There is a stone staircase leading down here.
Huge Dmg: -90%(-19hp) hp: 10%(2hp) It was a potion of attraction.
You feel attractive to monsters.
You die...

#.# #.# #.........###.### # #.#
#.# #.......### #.# # #.# #.#
##.....######.# # #.#
#.####............# # #.#
#...........#.########## #.#
######.....#.###........ #.#
#....##.# #.####.#. #.#
#)#.###.# #.# #... #.#
#@...##.###.####... #.#
#†................. #.#
##...........###.#. #.#
#.....#.###..# #...
#.###########.##..#.##...###.#÷
#.............##....#.#...##.#.
########.###..##............(#.
#.# #..........#...##.#. #.#
#.###.#...........#.


There were no monsters in sight!

Vanquished Creatures
  2 adders (D:2)
  2 worms (D:2)
  A dart slug (D:1)
  3 orcs
  7 ball pythons
  5 endoplasms
  3 giant cockroaches
  3 goblins
  A hobgoblin (D:1)
  4 kobolds
  A quokka (D:1)
  5 bats
  3 frilled lizards (D:1)
  4 rats
44 creatures vanquished.

Notes
Turn   | Place    | Note
-------+----------+-------------------------------------------
     0 | D:1      | RepHenryClay the Deep Elf Hedge Wizard began the quest for
                  | the Orb.
     0 | D:1      | Reached XP level 1. HP: 10/10 MP: 7/7
   185 | D:1      | Found a large runed translucent door.
   185 | D:1      | Found a large runed translucent door.
   359 | D:1      | Reached XP level 2. HP: 12/15 MP: 7/9
   895 | D:1      | Reached XP level 3. HP: 19/19 MP: 7/10
  2146 | D:3      | Reached XP level 4. HP: 24/24 MP: 8/12
  2221 | D:2      | Learned a level 2 spell: Blink
  2224 | D:2      | Learned a level 2 spell: Cigotuvi's Dreadful Rot
  2228 | D:2      | Learned a level 3 spell: Mephitic Cloud
  2271 | D:2      | Succumbed to their own dark miasma

Illustrated notes

Levels and vault maps discovered:
D:1:      erik_arrival_cave_to_civilisation [erik_arrival_cave_to_temple],
          layout_basic, minmay_close_crescents
D:2:      layout_loops_ring
D:3:      minmay_general_purpose_star, layout_basic, minmay_starry_boxes,
          uniq_grinder, uniq_sigmund

Skill      XL: |  1  2  3 |
---------------+----------+-----
Conjurations   | 2 3 4 |  4.4
Dodging        | |  2.4
Stealth        | |  2.4
Spellcasting   | |  4.4
Summonings     | |  1.1
Translocations | |  1.1

Action                     |  1- 3 |  4- 6 || total
---------------------------+-------+-------++-------
  Melee: Dagger            |    22 |       ||    22
         Mace              |       |     1 ||     1
   Cast: Magic Dart        |   101 |     9 ||   110
         Blink             |       |     1 ||     1
         Cigotuvi's Dreadf |       |     1 ||     1
    Use: Potion            |       |     1 ||     1
 Armour: Robe              |     8 |       ||     8
  Dodge: Dodged            |    26 |       ||    26
  Block: Other             |     1 |     2 ||     3

Table legend: (Time is in decaauts)
 A = Elapsed time spent in this place.
 B = Non-inter-level travel time spent in this place.
 C = Inter-level travel time spent in this place.
 D = Time resting spent in this place.
 E = Time spent auto-exploring this place.
 F = Levels seen in this place.
 G = Mean time per level.
                   A        B        C        D        E       F      G
               +--------+--------+--------+--------+--------+-----+--------+
         Total |   2272 |   2186 |     86 |     78 |   1824 |   3 |  757.3 |
       Dungeon |   2272 |   2186 |     86 |     78 |   1824 |   3 |  757.3 |
               +--------+--------+--------+--------+--------+-----+--------+

Top non-repeatable levels by time:
     D:1: 1194 daAuts
     D:2: 1049 daAuts
     D:3: 29 daAuts
